MID
AUGUSTA GREENJACKETS @ DAYTON DRAGONS
05/31/2048
 
TOP OF THE 1ST
Augusta GreenJackets batting - Pitching for Dayton Dragons : LHP Jason St. Clair
Pitching: LHP Jason St. Clair
Batting: RHB Vinny Torres 0-0: Called Strike
0-1: Ball
1-1: Ball
2-1: Foul Ball, location: 2F
2-2: Ground out 6-3 (Groundball, 6, EV 93.1 MPH)
Batting: RHB Armando Ramirez 0-0: Ground out 4-3 (Groundball, 34D, EV 108.8 MPH)
Batting: LHB Oscar Tamayo 0-0: Called Strike
0-1: Ball
1-1: Swinging Strike
1-2: Ball
2-2: Foul Ball, location: 2F
2-2: Strikes out looking
Top of the 1st over - 0 runs, 0 hits, 0 errors, 0 left on base; Augusta 0 - Dayton 0
BOTTOM OF THE 1ST
Dayton Dragons batting - Pitching for Augusta GreenJackets : RHP Sergio Silva
Pitching: RHP Sergio Silva
Batting: LHB Jeremy Robertson 0-0: Called Strike
0-1: Foul Ball, location: 2F
0-2: Fly out, F8 (Flyball, 8LD, EV 98.1 MPH)
Batting: LHB Leo Gomez 0-0: Ball
1-0: Called Strike
1-1: Ball
2-1: Foul Ball, location: 2F
2-2: Strikes out swinging
Batting: LHB Matt Kennedy 0-0: Ball
1-0: Swinging Strike
1-1: Fly out, F9 (Flyball, 89S, EV 89.4 MPH)
Bottom of the 1st over - 0 runs, 0 hits, 0 errors, 0 left on base; Augusta 0 - Dayton 0
TOP OF THE 2ND
Augusta GreenJackets batting - Pitching for Dayton Dragons : LHP Jason St. Clair
Batting: LHB Steve Nevis 0-0: Called Strike
0-1: Ball
1-1: Swinging Strike
1-2: Foul Ball, location: 2F
1-2: Strikes out swinging
Batting: RHB Zach Maguire 0-0: Ball
1-0: Foul Ball, location: 2F
1-1: Ball
2-1: Called Strike
2-2: Strikes out looking
Batting: LHB Chris West 0-0: Hit by Pitch
Batting: RHB Tsugio Yamaguchi 0-0: SINGLE (Line Drive, 34, EV 97.5 MPH)
Chris West to second
Batting: RHB Harry Dickson 0-0: Swinging Strike
0-1: Swinging Strike
0-2: Strikes out looking
Top of the 2nd over - 0 runs, 1 hit, 0 errors, 2 left on base; Augusta 0 - Dayton 0
BOTTOM OF THE 2ND
Dayton Dragons batting - Pitching for Augusta GreenJackets : RHP Sergio Silva
Batting: LHB Chris Redhead 0-0: Called Strike
0-1: Foul Ball, location: 2F
0-2: Ball
1-2: Foul Ball, location: 2F
1-2: Ball
2-2: Foul Ball, location: 2F
2-2: Ground out 4-3 (Groundball, 4M, EV 81.9 MPH)
Batting: RHB Chris Zamora 0-0: Fly out, F8 (Flyball, 8RM, EV 84.4 MPH)
Batting: LHB Ray Walden 0-0: Ball
1-0: Ball
2-0: Ball
3-0: Base on Balls
Batting: RHB Juan Zamora 0-0: Ball
1-0: Foul Ball, location: 2F
1-1: Ball
2-1: Foul Ball, location: 2F
2-2: Fly out, F8 (Flyball, 8LM, EV 87.5 MPH)
Bottom of the 2nd over - 0 runs, 0 hits, 0 errors, 1 left on base; Augusta 0 - Dayton 0
TOP OF THE 3RD
Augusta GreenJackets batting - Pitching for Dayton Dragons : LHP Jason St. Clair
Batting: RHB Joe Nelson 0-0: Foul Ball, location: 2F
0-1: Ball
1-1: Swinging Strike
1-2: Strikes out swinging
Batting: RHB Vinny Torres 0-0: Ball
1-0: Called Strike
1-1: Fly out, F8 (Flyball, 89M, EV 89.4 MPH)
Batting: RHB Armando Ramirez 0-0: Ground out 6-3 (Groundball, 6S, EV 71.9 MPH)
Top of the 3rd over - 0 runs, 0 hits, 0 errors, 0 left on base; Augusta 0 - Dayton 0
BOTTOM OF THE 3RD
Dayton Dragons batting - Pitching for Augusta GreenJackets : RHP Sergio Silva
Batting: RHB Ernie Maldonado 0-0: Foul Ball, location: 2F
0-1: Ground out 5-3 (Groundball, 56S, EV 84.4 MPH)
Batting: RHB Yutaka Sato 0-0: Ground out 6-3 (Groundball, 6, EV 103.8 MPH)
Batting: LHB Jeremy Robertson 0-0: Ball
1-0: Ball
2-0: Ball
3-0: Called Strike
3-1: Base on Balls
Batting: LHB Leo Gomez 0-0: Ground out 4-3 (Groundball, 13, EV 79.4 MPH)
Bottom of the 3rd over - 0 runs, 0 hits, 0 errors, 1 left on base; Augusta 0 - Dayton 0
TOP OF THE 4TH
Augusta GreenJackets batting - Pitching for Dayton Dragons : LHP Jason St. Clair
Batting: LHB Oscar Tamayo 0-0: Ball
1-0: Ball
2-0: Called Strike
2-1: Called Strike
2-2: Ball
3-2: Foul Ball, location: 2F
3-2: Foul Ball, location: 2F
3-2: Fly out, F4 (Flyball, 34D, EV 85.6 MPH)
Batting: LHB Steve Nevis 0-0: Called Strike
0-1: Swinging Strike
0-2: Ball
1-2: Foul Ball, location: 2F
1-2: TRIPLE (Flyball, 9LD, EV 92.5 MPH)
Batting: RHB Zach Maguire 0-0: Ball
1-0: Called Strike
1-1: Foul Ball, location: 2F
1-2: Ball
2-2: Foul Ball, location: 2F
2-2: SINGLE (Line Drive, 6MD, EV 105.6 MPH)
Steve Nevis scores
Batting: LHB Chris West 0-0: Ball
1-0: Foul Ball, location: 2F
1-1: Grounds into double play, 4-6-3 (Groundball, 4, EV 100.6 MPH)
Top of the 4th over - 1 run, 2 hits, 0 errors, 0 left on base; Augusta 1 - Dayton 0
BOTTOM OF THE 4TH
Dayton Dragons batting - Pitching for Augusta GreenJackets : RHP Sergio Silva
Batting: LHB Matt Kennedy 0-0: Called Strike
0-1: Swinging Strike
0-2: Ball
1-2: Ball
2-2: Foul Ball, location: 2F
2-2: DOUBLE (Line Drive, 3D, EV 104.4 MPH)
Batting: LHB Chris Redhead 0-0: Ball
1-0: Fly out, F8 (Flyball, 89S, EV 93.1 MPH)
Batting: RHB Chris Zamora 0-0: Called Strike
0-1: Ball
1-1: Foul Ball, location: 2F
1-2: Strikes out swinging
Batting: LHB Ray Walden 0-0: Ball
1-0: Ball
2-0: Called Strike
2-1: Ball
3-1: Base on Balls
Pitching: RHP Kyle Rindels
Batting: RHB Juan Zamora 0-0: Ball
1-0: Ball
2-0: Ball
3-0: Called Strike
3-1: Foul Ball, location: 2F
3-2: Fly out, F6 (Popup, 6M, EV 72.5 MPH)
Bottom of the 4th over - 0 runs, 1 hit, 0 errors, 2 left on base; Augusta 1 - Dayton 0
TOP OF THE 5TH
Augusta GreenJackets batting - Pitching for Dayton Dragons : LHP Jason St. Clair
Batting: RHB Tsugio Yamaguchi 0-0: SINGLE (Line Drive, 3D, EV 103.8 MPH)
Batting: RHB Harry Dickson 0-0: Called Strike
0-1: Fly out, F7 (Flyball, 78D, EV 84.4 MPH)
Batting: RHB Joe Nelson 0-0: Grounds into double play, 5-4-3 (Groundball, 5L, EV 106.2 MPH)
Top of the 5th over - 0 runs, 1 hit, 0 errors, 0 left on base; Augusta 1 - Dayton 0
BOTTOM OF THE 5TH
Dayton Dragons batting - Pitching for Augusta GreenJackets : RHP Kyle Rindels
Batting: RHB Ernie Maldonado 0-0: Ball
1-0: Ground out 6-3 (Groundball, 56, EV 105.0 MPH)
Batting: RHB Yutaka Sato 0-0: Called Strike
0-1: Called Strike
0-2: Strikes out swinging
Batting: LHB Jeremy Robertson 0-0: Ball
1-0: Swinging Strike
1-1: Foul Ball, location: 2F
1-2: Foul Ball, location: 2F
1-2: Strikes out looking
Bottom of the 5th over - 0 runs, 0 hits, 0 errors, 0 left on base; Augusta 1 - Dayton 0
TOP OF THE 6TH
Augusta GreenJackets batting - Pitching for Dayton Dragons : LHP Jason St. Clair
Batting: RHB Vinny Torres 0-0: Called Strike
0-1: Called Strike
0-2: Foul Ball, location: 2F
0-2: DOUBLE (Line Drive, 7LS, EV 96.9 MPH)
Batting: RHB Armando Ramirez 0-0: Ball
1-0: Ball
2-0: Ball
3-0: Swinging Strike
3-1: Fly out, F3 (Popup, 3F, EV 81.2 MPH)
Batting: LHB Oscar Tamayo 0-0: Called Strike
0-1: Ball
1-1: Ball
2-1: Ball
3-1: Foul Ball, location: 2F
3-2: Foul Ball, location: 2F
3-2: Fly out, F9 (Flyball, 9S, EV 85.6 MPH)
Batting: LHB Steve Nevis 0-0: Ball
1-0: Ball
2-0: Fly out, F7 (Flyball, 78D, EV 100.0 MPH)
Top of the 6th over - 0 runs, 1 hit, 0 errors, 1 left on base; Augusta 1 - Dayton 0
BOTTOM OF THE 6TH
Dayton Dragons batting - Pitching for Augusta GreenJackets : RHP Kyle Rindels
Batting: LHB Leo Gomez 0-0: Called Strike
0-1: Foul Ball, location: 2F
0-2: Strikes out swinging
Batting: LHB Matt Kennedy 0-0: Ball
1-0: Called Strike
1-1: Foul Ball, location: 2F
1-2: Ball
2-2: Ball
3-2: Fly out, F8 (Flyball, 8RS, EV 81.2 MPH)
Batting: LHB Chris Redhead 0-0: Ball
1-0: Ground out 6-3 (Groundball, 56, EV 75.0 MPH)
Bottom of the 6th over - 0 runs, 0 hits, 0 errors, 0 left on base; Augusta 1 - Dayton 0
TOP OF THE 7TH
Augusta GreenJackets batting - Pitching for Dayton Dragons : LHP Jason St. Clair
Batting: RHB Zach Maguire 0-0: Foul Ball, location: 2F
0-1: Foul Ball, location: 2F
0-2: Ball
1-2: Strikes out looking
Batting: LHB Chris West 0-0: Called Strike
0-1: Called Strike
0-2: Foul Ball, location: 2F
0-2: Ball
1-2: Strikes out swinging
Batting: RHB Tsugio Yamaguchi 0-0: Ball
1-0: Ground out 6-3 (Groundball, 6, EV 91.9 MPH)
Top of the 7th over - 0 runs, 0 hits, 0 errors, 0 left on base; Augusta 1 - Dayton 0
BOTTOM OF THE 7TH
Dayton Dragons batting - Pitching for Augusta GreenJackets : RHP Kyle Rindels
Pitching: RHP Nick McDade
Batting: RHB Chris Zamora 0-0: Ball
1-0: Called Strike
1-1: Ball
2-1: Foul Ball, location: 2F
2-2: Foul Ball, location: 2F
2-2: Strikes out swinging
Batting: LHB Ray Walden 0-0: Called Strike
0-1: Ball
1-1: Ball
2-1: Foul Ball, location: 2F
2-2: Strikes out swinging
Batting: RHB Juan Zamora 0-0: Ball
1-0: Called Strike
1-1: Called Strike
1-2: Ball
2-2: Foul Ball, location: 2F
2-2: Strikes out swinging
Bottom of the 7th over - 0 runs, 0 hits, 0 errors, 0 left on base; Augusta 1 - Dayton 0
TOP OF THE 8TH
Augusta GreenJackets batting - Pitching for Dayton Dragons : LHP Jason St. Clair
Pitching: RHP Brian Trejo
Batting: RHB Harry Dickson 0-0: Called Strike
0-1: Swinging Strike
0-2: Ball
1-2: Strikes out looking
Batting: RHB Joe Nelson 0-0: Foul Ball, location: 2F
0-1: Ball
1-1: Ball
2-1: Ball
3-1: Foul Ball, location: 2F
3-2: Strikes out swinging
Batting: RHB Vinny Torres 0-0: Ball
1-0: Ball
2-0: Foul Ball, location: 2F
2-1: Ball
3-1: SINGLE (Flyball, 8RS, EV 91.2 MPH)
Batting: RHB Armando Ramirez 0-0: Called Strike
0-1: Ball
1-1: Ball
2-1: Ground out 6-3 (Groundball, 6MD, EV 86.2 MPH)
Top of the 8th over - 0 runs, 1 hit, 0 errors, 1 left on base; Augusta 1 - Dayton 0
BOTTOM OF THE 8TH
Dayton Dragons batting - Pitching for Augusta GreenJackets : RHP Nick McDade
Pitching: RHP Jay Kouns
Batting: RHB Ernie Maldonado 0-0: Ball
1-0: Ball
2-0: Ball
3-0: Base on Balls
Pinch Hitting: RHB Andy Bachman 0-0: Fielders Choice at 2nd, 6-4 (Groundball, 6, EV 89.4 MPH)
Batting: LHB Jeremy Robertson 0-0: Called Strike
0-1: Ball
1-1: Fly out, F7 (Line Drive, 7LM, EV 89.4 MPH)
Batting: LHB Leo Gomez 0-0: Foul Ball, location: 2F
0-1: Ball
1-1: Fielders Choice at 2nd, 6-4 (Groundball, 6, EV 110.6 MPH)
Bottom of the 8th over - 0 runs, 0 hits, 0 errors, 1 left on base; Augusta 1 - Dayton 0
TOP OF THE 9TH
Augusta GreenJackets batting - Pitching for Dayton Dragons : RHP Brian Trejo
Now at 1B: Travis Petrick
Batting: LHB Oscar Tamayo 0-0: Foul Ball, location: 2F
0-1: Ball
1-1: Swinging Strike
1-2: Ball
2-2: Ground out 1-3 (Groundball, P, EV 68.1 MPH)
Batting: LHB Steve Nevis 0-0: Ground out 6-3 (Groundball, 6M, EV 100.6 MPH)
Batting: RHB Zach Maguire 0-0: Fly out, F7 (Line Drive, 7S, EV 88.1 MPH)
Top of the 9th over - 0 runs, 0 hits, 0 errors, 0 left on base; Augusta 1 - Dayton 0
BOTTOM OF THE 9TH
Dayton Dragons batting - Pitching for Augusta GreenJackets : RHP Jay Kouns
Batting: LHB Matt Kennedy 0-0: Called Strike
0-1: Ball
1-1: Foul Ball, location: 2F
1-2: Ball
2-2: Strikes out swinging
Batting: LHB Chris Redhead 0-0: Called Strike
0-1: Ball
1-1: Called Strike
1-2: Ball
2-2: Ball
3-2: Base on Balls
Batting: RHB Chris Zamora 0-0: Called Strike
0-1: Fielders Choice at 2nd, 1-6 (Groundball, 13S, EV 66.2 MPH)
Batting: LHB Ray Walden 0-0: Ball
1-0: Foul Ball, location: 2F
1-1: Ball
2-1: Ball
3-1: Base on Balls
Chris Zamora to second
Batting: RHB Juan Zamora 0-0: Swinging Strike
0-1: Ball
1-1: Ball
2-1: Swinging Strike
2-2: Ball
Wild Pitch!
Chris Zamora to third
Ray Walden to second
3-2: Ground out 4-3 (Groundball, 4, EV 86.2 MPH)
Bottom of the 9th over - 0 runs, 0 hits, 0 errors, 2 left on base; Augusta 1 - Dayton 0
Tuesday, March 28th , 2023 - OOTP Baseball 23.10 Build 110